 Dungeon Crawl Stone Soup version 0.30-a0-1018-g25214051b3 (webtiles) character file.

Game seed: 12461411256142865676

1885 gelatine the Zephyrmancer (level 9, -1/51 HPs)
             Began as a Tengu Air Elementalist on Apr 7, 2023.
             Slain by an orc warrior
             ... wielding a +0 battleaxe
              (3 damage)
             ... on level 6 of the Dungeon.
             The game lasted 00:21:02 (6809 turns).

gelatine the Zephyrmancer (Tengu Air Elementalist)  Turns: 6809, Time: 00:21:03

Health: -1/51      AC:  4    Str: 10    XL:     9   Next: 14%
Magic:  0/25       EV: 16    Int: 19    God:
Gold:   277        SH:  0    Dex: 14    Spells: 6/16 levels left

rFire   . . .      SeeInvis .    v - +2 dagger (drain)
rCold   . . .      Faith    .    (no shield)
rNeg    . . .      Spirit   +    y - +1 robe {Archmagi}
rPois   .          Reflect  .    (helmet restricted)
rElec   .          Rampage  .    G - +0 cloak
rCorr   .          Archmagi +    (no gloves)
Will    .....                    (boots unavailable)
Stlth   ++                       s - amulet of guardian spirit
HPRegen 0.28/turn                r - +4 ring of slaying
MPRegen 0.19/turn                A - ring of magical power

@: flying quickly and evasively, quick
A: beak, talons 3, nimble flight
a: no special abilities


You were on level 6 of the Dungeon.
You visited 1 branch of the dungeon, and saw 6 of its levels.

You collected 277 gold pieces.

Inventory:

Hand Weapons
 o - a +0 dagger of venom
 v - a +2 dagger of draining (weapon)
 F - a +2 scythe of holy wrath
 H - a +2 quarterstaff of chaos
 I - a +3 hammer
Armour
 p - the +2 ring mail of a wizard's laboratory {rElec rPois rC+ rCorr Str-5}
   (You took it off a kobold on level 2 of the Dungeon)

   Str:       It affects your strength (-5).
   rC:        It protects you from cold.
   rElec:     It insulates you from electricity.
   rPois:     It protects you from poison.
   rCorr:     It protects you from acid and corrosion.
 q - a +0 kite shield
 y - a +1 robe of the Archmagi (worn)
 E - a +2 robe of cold resistance
 G - a +0 cloak (worn)
Jewellery
 g - the amulet "Neodolost" {Harm Drain +Blink Regen+}
   (You found it on level 4 of the Dungeon)

   [amulet of regeneration]

   +Blink:    It lets you blink.
   Regen:     It increases your rate of health regeneration.
   Drain:     It drains your maximum health when unequipped.
   Harm:      It increases damage dealt and taken.
 r - a +4 ring of slaying (left hand)
 s - an amulet of guardian spirit (around neck)
 A - a ring of magical power (right hand)
 B - a ring of protection from fire
Wands
 b - a wand of flame (47)
 f - a wand of mindburst (10)
 C - a wand of polymorph (8)
Scrolls
 c - 2 scrolls of poison {unknown}
 d - a scroll of teleportation {unknown}
 e - 2 scrolls of noise {unknown}
 i - 2 scrolls of fear {unknown}
 j - a scroll of silence {unknown}
 k - 2 scrolls of blinking {unknown}
 m - a scroll of immolation {unknown}
 n - 3 scrolls of enchant weapon {unknown}
 t - 4 scrolls of identify {unknown}
 w - a scroll of acquirement {unknown}
 x - a scroll of fog {unknown}
 D - a scroll of torment {unknown}
Potions
 a - a potion of flight {unknown}
 h - 4 potions of curing
 l - a potion of attraction
 u - a potion of lignification
 z - a potion of ambrosia {unknown}


   Skills:
 * Level 3.3 Fighting
 + Level 2.3 Short Blades
 + Level 2.3 Armour
 * Level 4.9 Dodging
 + Level 2.4 Stealth
 + Level 4.4 Spellcasting
 * Level 6.5 Conjurations
 * Level 8.8 Air Magic
 * Level 2.7 Evocations


You had 6 spell levels left.
You knew the following spells:

 Your Spells              Type           Power      Damage    Failure   Level
a - Shock                 Conj/Air       100%       1d9       1%          1
b - Static Discharge      Conj/Air       100%       2-7/arc   1%          2
c - Swiftness             Air            54%        N/A       1%          3
d - Airstrike             Air            27%        2d(4-20)  3%          4

Your spell library contained the following spells:

 Spells                   Type           Power      Damage    Failure   Level
 Poisonous Vapours        Pois/Air       62%        N/A       3%          2
 Mephitic Cloud           Conj/Pois/Air  35%        N/A       4%          3
 Ensorcelled Hibernation  Hex/Ice        12%        N/A       21%         2
 Gell's Gravitas          Tloc           6%         N/A       36%         3
 Spider Form              Tmut/Pois      6%         N/A       36%         3
 Teleport Other           Tloc           6%         N/A       36%         3
 Tukima's Dance           Hex            6%         N/A       36%         3
 Freezing Cloud           Conj/Ice/Air   17%        6-21      41%         5
 Anguish                  Hex/Necr       3%         N/A       78%         4
 Passage of Golubria      Tloc           6%         N/A       78%         4
 Yara's Violent Unravell  Hex/Tmut       3%         3d4       98%         5
 Dispersal                Tloc           3%         N/A       100%        6


Dungeon Overview and Level Annotations

Branches:
Dungeon (6/15)             Temple (0/1) D:4

Altars:
Kikubaaqudgha
Nemelex Xobeh
Uskayaw
Xom
Zin

Shops:
D:1 *=(


Innate Abilities, Weirdness & Mutations

You have a beak for a mouth.
You have claws for feet.
Your magical nature lets you fly swiftly and evasively.


Message History

The kobold brigand is severely wounded.
You are struck by an arc of lightning.
The lightning grounds out.
The kobold brigand is struck by an arc of lightning!
You kill the kobold brigand!
You are struck by an arc of lightning.
The lightning grounds out.
The orc hits you with a +0 club.
Things that are here:
a +0 short sword; 4 poisoned darts
Casting: Static Discharge (safe; 1% risk of failure)
Confirm with . or Enter, or press ? or * to list all spells.
You feel a surge of power!
The orc is struck by an arc of lightning.
The orc is moderately wounded.
You are struck by an arc of lightning.
The orc is struck by an arc of lightning.
The orc is severely wounded.
You are struck by an arc of lightning.
The orc is struck by an arc of lightning!
You kill the orc!
The lightning grounds out.
The orc warrior unwields a +0 battleaxe.
The orc warrior wields a +0 arbalest.
The orc warrior shoots a bolt.
The bolt hits you!
Items here: )) ††.
An orc priest and an orc come into view.
The orc priest is wielding a +2 flail of draining.
The orc warrior unwields a +0 arbalest.
The orc warrior wields a +0 battleaxe.
The orc warrior closely misses you.
The orc shouts!
You hit the orc warrior. You claw the orc warrior.
Your peck misses the orc warrior.
The orc warrior is moderately wounded.
The orc warrior hits you with a +0 battleaxe!!
* * * LOW HITPOINT WARNING * * *
Aiming: Mindburst
Press: ? - help, Q - select action, (/) - cycle Shift-Dir - straight line, f - orc warrior
Aim: an orc warrior, wielding a +0 battleaxe and wearing a +0 chain mail (moderately wounded, chance to affect: 75%)
The orc warrior's mind is blasted!
The orc warrior hits you with a +0 battleaxe.
You die...

.. ####. ##..#o
#.... #..o. #...#
#..o# ## ######.@#
..+ #....#))##...#
#....#)))....#
#....#.)###+##.
#....#).# ...
#....#..+ ....
#...>#..# ....!
######....##'#......
#...............#


You could see an orc warrior, an orc priest and an orc.

Vanquished Creatures
  Sigmund (D:5)
  A black bear (D:5)
  A sky beast (D:6)
  2 ogres
  A phantom (D:5)
  2 kobold brigands (D:6)
  Blork the orc (D:5)
  4 scorpions (D:5)
  3 wights (D:5)
  3 hounds (D:4)
  An orc priest (D:3)
  Crazy Yiuf (D:5)
  A sleepcap (D:4)
  Ijyb (D:4)
  An iguana (D:5)
  5 orc wizards
  4 gnolls
  3 adders
  10 river rats (D:5)
  A shadow imp (D:5)
  An ufetubus (D:4)
  4 worms
  A dart slug (D:2)
  21 orcs
  13 ball pythons
  10 bats
  8 endoplasms
  3 giant cockroaches
  7 goblins
  5 hobgoblins
  3 jackals (D:5)
  7 quokkas
  2 frilled lizards (D:1)
  20 kobolds
  18 rats
170 creatures vanquished.

Vanquished Creatures (others)
  An orc wizard (D:4)
  27 plants (D:4)
28 creatures vanquished.

Grand Total: 198 creatures vanquished

Notes
Turn   | Place    | Note
-------+----------+-------------------------------------------
     0 | D:1      | gelatine the Tengu Air Elementalist began the quest for the
                  | Orb.
     0 | D:1      | Reached XP level 1. HP: 10/10 MP: 4/4
    81 | D:1      | Found Wosicaol's Antique Weapon Shoppe.
   150 | D:1      | Found Ceoxan's Jewellery Boutique.
   159 | D:1      | Reached XP level 2. HP: 15/15 MP: 0/6
   685 | D:1      | Found Boplun's Assorted Antiques.
   711 | D:1      | Reached XP level 3. HP: 19/19 MP: 4/7
  1343 | D:2      | Learned a level 2 spell: Static Discharge
  1624 | D:2      | Reached skill level 5 in Air Magic
  1624 | D:2      | Reached XP level 4. HP: 23/24 MP: 5/8
  1657 | D:2      | Identified the +2 ring mail of a wizard's laboratory {rElec
                  | rPois rC+ rCorr Str-5}
  2300 | D:3      | Reached skill level 1 in Fighting
  2395 | D:3      | Found a shimmering altar of Xom.
  2395 | D:3      | Found a glowing silver altar of Zin.
  2395 | D:3      | Noticed an angel
  2769 | D:3      | Gained mutation: Your magical nature lets you fly swiftly
                  | and evasively. [Tengu growth]
  2769 | D:3      | Reached XP level 5. HP: 29/29 MP: 3/9
  3282 | D:4      | Reached skill level 1 in Armour
  3434 | D:4      | Noticed Ijyb
  3451 | D:4      | Killed Ijyb
  3569 | D:4      | Identified the amulet "Neodolost" {Harm Drain +Blink
                  | Regen+}
  3583 | D:4      | Reached XP level 6. HP: 34/34 MP: 6/10
  3615 | D:4      | Found a staircase to the Ecumenical Temple.
  3875 | D:4      | Reached skill level 1 in Short Blades
  3889 | D:4      | Reached skill level 6 in Air Magic
  4201 | D:4      | Learned a level 3 spell: Swiftness
  4206 | D:4      | Learned a level 4 spell: Airstrike
  4343 | D:4      | Reached XP level 7. HP: 35/39 MP: 6/12
  4716 | D:4      | Found a sparkling altar of Nemelex Xobeh.
  4748 | D:4      | Found an ancient bone altar of Kikubaaqudgha.
  4823 | D:5      | Entered Level 5 of the Dungeon
  4861 | D:5      | Found a hide-covered altar of Uskayaw.
  5160 | D:5      | Reached skill level 1 in Evocations
  5241 | D:5      | Reached skill level 5 in Conjurations
  5275 | D:5      | Reached XP level 8. HP: 30/44 MP: 1/14
  5299 | D:5      | Reached skill level 7 in Air Magic
  5854 | D:5      | Noticed Blork the orc
  5862 | D:5      | Killed Blork the orc
  6199 | D:5      | Reached skill level 8 in Air Magic
  6439 | D:5      | Noticed Sigmund
  6446 | D:5      | Killed Sigmund
  6502 | D:5      | Found a runed translucent door.
  6503 | D:5      | Noticed Crazy Yiuf
  6509 | D:5      | Killed Crazy Yiuf
  6630 | D:6      | Reached XP level 9. HP: 41/51 MP: 16/16
  6808 | D:6      | HP: 2/51 [orc warrior/+0 battleaxe (16)]
  6809 | D:6      | Slain by an orc warrior

Illustrated notes

Levels and vault maps discovered:
D:1:      dpeg_arrival_line_fractal, layout_loops_ring, serial_shops,
          nicolae_shop_crystal, nicolae_lakefront_shop, nicolae_diamond_shop
D:2:      layout_rooms
D:3:      layout_basic, grunt_temple_overflow_order_and_chaos_1
D:4:      layout_loops_ring, minitemple, minmay_temple_entry_mini_moons,
          serial_bayou, serial_bayou_pond_a, serial_bayou_pond_e,
          serial_bayou_lake_a, serial_bayou_crossing, minmay_pentomino_pile,
          uniq_ijyb
D:5:      lemuel_ratsnest, layout_loops_ring, eat_drink_and_be_merry_uskayaw,
          uniq_sigmund, uniq_crazy_yiuf_cottage, uniq_blork_the_orc
D:6:      layout_gridville, gup_ossuary_entry_pyramid

Skill      XL: |  1  2  3  4  5  6  7  8 |
---------------+-------------------------+-----
Conjurations   | 2 3 4 5 6 |  6.5
Air Magic      | 5 6 8 |  8.8
Fighting       | 1 2 3 |  3.3
Armour         | 1 2 |  2.3
Dodging        | 3 4 |  4.9
Short Blades   | 1 2 |  2.3
Spellcasting   | 3 4 |  4.4
Evocations     | 1 2 |  2.7
Stealth        | |  2.4

Action                     |  1- 3 |  4- 6 |  7- 9 || total
---------------------------+-------+-------+-------++-------
  Melee: Peck              |     5 |     6 |     4 ||    15
         Dagger            |     6 |    54 |    40 ||   100
         Unarmed           |     1 |       |       ||     1
         Short sword       |    13 |       |       ||    13
         Kick              |    10 |     6 |    11 ||    27
   Cast: Shock             |    62 |    97 |    98 ||   257
         Static Discharge  |       |     6 |    31 ||    37
         Airstrike         |       |       |     4 ||     4
         Swiftness         |       |       |     2 ||     2
  Evoke: Wand              |       |     2 |     1 ||     3
    Use: Potion            |       |     6 |       ||     6
 Armour: Robe              |     5 |     1 |     7 ||    13
         Ring mail         |       |    23 |       ||    23
         Skin              |       |    26 |       ||    26
  Dodge: Dodged            |    21 |    30 |    43 ||    94

Table legend: (Time is in decaauts)
 A = Elapsed time spent in this place.
 B = Non-inter-level travel time spent in this place.
 C = Inter-level travel time spent in this place.
 D = Time resting spent in this place.
 E = Time spent auto-exploring this place.
 F = Levels seen in this place.
 G = Mean time per level.
                   A        B        C        D        E       F      G
               +--------+--------+--------+--------+--------+-----+--------+
         Total |   6613 |   6497 |    116 |      0 |   5663 |   6 | 1102.2 |
       Dungeon |   6613 |   6497 |    116 |      0 |   5663 |   6 | 1102.2 |
               +--------+--------+--------+--------+--------+-----+--------+

Top non-repeatable levels by time:
     D:5: 1723 daAuts
     D:4: 1520 daAuts
     D:1: 1205 daAuts
     D:3: 1157 daAuts
     D:2: 827 daAuts
     D:6: 179 daAuts
